 Dungeon Crawl Stone Soup version 0.25-a0-460-g4f2eb97ec1 (webtiles) character file.

Game seed: 14380804008276932020, levelgen mode: deterministic

82 Nattfarinn the Sneak (level 4, -1/27 HPs)
             Began as a Kobold Assassin on Feb 3, 2020.
             Slain by a mummy (12 damage)
             ... in an ossuary.
             The game lasted 00:04:23 (2117 turns).

Nattfarinn the Sneak (Kobold Assassin)              Turns: 2117, Time: 00:04:24

Health: -1/27      AC:  4    Str:  5 (8)  XL:     4   Next: 70%
Magic:  4/4        EV: 15    Int:  9 (12) God:
Gold:   89         SH:  0    Dex: 15 (17) Spells: 3/3 levels left

rFire    . . .     SeeInvis .   a - +2 dagger
rCold    . . .     Gourm    .   (shield restricted)
rNeg     . . .     Faith    +   b - +0 robe
rPois    .         Spirit   .   r - +0 helmet
rElec    .         Reflect  .   c - +0 cloak
rCorr    .         Harm     .   (no gloves)
MR       .....                  (no boots)
Stlth    +++.......             l - amulet of faith
HPRegen  0.09/turn              (no ring)
MPRegen  0.09/turn              (no ring)

@: no status effects
A: small, carnivore
a: no special abilities


You were in an ossuary.
You were very full.

You visited 1 branch of the dungeon, and saw 3 of its levels.
You also visited: Ossuary.

You collected 89 gold pieces.

Inventory:

Hand Weapons
 a - a +2 dagger (weapon)
Missiles
 d - 8 poisoned darts (quivered)
 e - 2 curare-tipped darts
Armour
 b - a +0 robe (worn)
 c - a +0 cloak (worn)
 r - a +0 helmet (worn)
Jewellery
 l - an amulet of faith (around neck)
Scrolls
 i - a scroll of identify
 j - a scroll of remove curse
 k - a scroll of blinking
 t - a scroll of fog {unknown}
Potions
 g - a potion of haste {unknown}
 h - a potion of degeneration
 m - a potion of ambrosia {unknown}
 n - a potion of experience {unknown}
 o - a potion of lignification {unknown}
 p - a potion of cancellation {unknown}
 s - a potion of curing
Comestibles
 f - 6 rations


   Skills:
 + Level 2.9 Fighting
 + Level 3.5 Short Blades
 - Level 2.1 Throwing
 + Level 2.4 Dodging
 * Level 6.5 Stealth


You had 3 spell levels left.
You didn't know any spells.
Your spell library was empty.

Dungeon Overview and Level Annotations

Branches:
Dungeon (2/15)            Ossuary (1/1)

Altars:
Xom


Innate Abilities, Weirdness & Mutations

You are small and have problems with some larger weapons.
You are carnivorous and can eat meat at any time.


Message History

* * * LOW HITPOINT WARNING * * *
It was a potion of degeneration.
There was something very wrong with that liquid.
You feel weakened.
You feel dopey.
You feel clumsy.
It was a potion of curing.
You feel better. The mummy completely misses you.
You hit the mummy.
The mummy is severely damaged.
You hit the mummy.
The mummy is severely damaged.
The mummy hits you.
You are too injured to fight recklessly!
You are too injured to fight recklessly!
You are too injured to fight recklessly!
You are too injured to fight recklessly!
You barely miss the mummy.
The mummy is severely damaged.
You hit the mummy but do no damage.
The mummy is severely damaged.
The mummy hits you!
You die...

#....#
#....#
#....#
#....#
#....#
#....#
#....#
#..M.#
#.∩∩@#
######


You could see a mummy.

Vanquished Creatures
  A big kobold zombie (Ossuary)
  A mummy (Ossuary)
  A dart slug (D:1)
  2 leopard geckos (D:1)
  3 giant cockroaches (D:2)
  5 goblins
  5 hobgoblins (D:1)
  9 jackals
  A ball python (D:1)
  4 bats
  2 gnoll zombies (Ossuary)
  3 kobolds (D:1)
  A kobold zombie (Ossuary)
  3 orc zombies (Ossuary)
  3 rats
44 creatures vanquished.

Notes
Turn   | Place    | Note
-------+----------+-------------------------------------------
     0 | D:1      | Nattfarinn the Kobold Assassin began the quest for the Orb.
     0 | D:1      | Reached XP level 1. HP: 12/12 MP: 1/1
   262 | D:1      | Reached XP level 2. HP: 18/18 MP: 2/2
   825 | D:1      | Reached XP level 3. HP: 11/22 MP: 3/3
  1162 | D:1      | Reached skill level 6 in Stealth
  1448 | D:2      | Found a shimmering altar of Xom.
  1455 | D:2      | Found a shimmering altar of Xom.
  1456 | D:2      | Found a shimmering altar of Xom.
  1815 | D:2      | You fall into a shaft and drop 2 floors!
  1826 | D:4      | Found a sand-covered staircase.
  1835 | Ossuary  | Entered an ossuary
  1858 | Ossuary  | Reached XP level 4. HP: 27/27 MP: 4/4
  2117 | Ossuary  | Slain by a mummy

Levels and vault maps discovered:
D:1:      dpeg_arrival_rooms_b, layout_basic, minmay_split_cup_small
D:2:      layout_basic, xom_redecorated, nicolae_overflow_hidden_temple,
          dk_vineyard_3, nicolae_ru_awakened_eye
D:4:      layout_layer_cave, enter_ossuary_1, gup_sewer_entry_spiral,
          serial_shops, kennysheep_mini_moat, elyvilon_altar_5
Ossuary:  ossuary_tomb_3

Skill      XL: |  1  2  3 |
---------------+----------+-----
Short Blades   | 3 |  3.5
Stealth        | 6 |  6.5
Dodging        | 2 |  2.4
Fighting       | |  2.9
Throwing       | |  2.1

Action                   |  1- 3 |  4- 6 || total
-------------------------+-------+-------++-------
Melee: Dagger            |   117 |    95 ||   212
Throw: Dart              |     7 |       ||     7
  Use: Scroll            |     4 |       ||     4
       Potion            |       |     2 ||     2
 Stab: Sleeping          |    12 |       ||    12
  Eat: Chunk             |    11 |       ||    11
Armor: Robe              |    26 |     9 ||    35
Dodge: Dodged            |    85 |    49 ||   134

Table legend:
 A = Non-vault XP
 B = Vault XP
 C = Vault XP percentage of total XP
 D = Non-vault monster count
 E = Vault monster count
 F = Vault count percentage of total count
                 A         B        C        D         E       F
            +---------+---------+-------+---------+---------+-------
      Total |      62 |      56 |  47.5 |      33 |      11 |  25.0
            +---------+---------+-------+---------+---------+-------
        D:1 |      45 |       5 |  10.0 |      24 |       3 |  11.1
        D:2 |      17 |       0 |   0.0 |       9 |       0 |   0.0
    Ossuary |       0 |      51 | 100.0 |       0 |       8 | 100.0
            +---------+---------+-------+---------+---------+-------
